 Dungeon Sprint DCSS version 0.20-a0-820-g557356e (webtiles) character file.

3928 esc the Covert (level 10, -4/55 HPs)
             Began as a Spriggan Enchanter on Mar 4, 2017.
             Was a Priest of Sif Muna.
             Killed from afar by a deep elf knight (24 damage)
             ... with an orb of energy
             ... in the Dungeon (Sprint III: "The Ten Rune Challenge").
             The game lasted 00:07:36 (1464 turns).

esc the Covert (Spriggan Enchanter)                 Turns: 1464, Time: 00:07:36

Health: -4/55      AC:  6    Str:  4    XL:     10   Next: 1%
Magic:  13/26      EV: 28    Int: 20    God:    Sif Muna [***...]
Gold:   4637       SH: 10    Dex: 17    Spells: 22/31 levels left

rFire    . . .     SeeInvis +   a - +1 dagger
rCold    . . .     Gourm    .   b - +0 robe
rNeg     . . .     Faith    .   u - +2 buckler {AC+3}
rPois    .         Spirit   .   (helmet restricted)
rElec    .         Reflect  .   v - +0 cloak
rCorr    .         Harm     .   (gloves unavailable)
MR       +....     NoTele   +   (boots unavailable)
Stlth    ++++++....             (no amulet)
Regen    0.2/turn               (no ring)
MPRegen  0.2/turn               (no ring)

@: very quick
A: unfitting armour, see invisible, herbivore 3, speed 3, slow metabolism 2
a: Divine Energy, Channel Magic, Renounce Religion


You were in the Dungeon.
You worshipped Sif Muna.
Sif Muna was most pleased with you.
You were not hungry.

You visited 1 branch You collected 4974 gold pieces.
You spent 337 gold pieces at shops.

Inventory:

Hand Weapons
 a - a +1 dagger (weapon)
Armour
 b - a +0 robe (worn)
 u - a +2 buckler of protection (worn)
   (You bought it in a shop in the Dungeon)
 v - a +0 cloak (worn)
   (You bought it in a shop in the Dungeon)
Wands
 r - a wand of digging (9/24)
   (You found it in the Dungeon)
Scrolls
 j - a scroll of blinking {!r}
 l - 2 scrolls of holy word {!r}
 m - a scroll of identify
 n - 2 scrolls of remove curse
Potions
 e - 3 potions of curing
 f - 3 potions of heal wounds
 g - a potion of haste
 h - 2 potions of magic
 i - a potion of berserk rage {!q}
 k - 5 potions of mutation {!q}
 o - a potion of degeneration {unknown}
 q - a potion of might
Books
 c - a book of Maledictions
 s - a book of Misfortune
   (You found it in the Dungeon)
Comestibles
 d - 2 bread rations {@e1}
 p - a meat ration {@e2}
 t - a royal jelly


   Skills:
 - Level 7.6 Fighting
 - Level 10.1 Short Blades
 - Level 12.8 Dodging
 - Level 14.2 Stealth
 + Level 5.9 Shields
 - Level 11.1 Spellcasting
 - Level 11.2 Hexes


You had 22 spell levels left.
You knew the following spells:

 Your Spells              Type           Power        Failure   Level  Hunger
a - Ensorcelled Hibernat  Hex/Ice        ####..       1%          2    None
b - Tukima's Dance        Hex            ######..     1%          3    None
c - Confuse               Hex            ######..     1%          3    None
v - Corona                Hex            ######.      1%          1    None


Dungeon Overview and Level Annotations

Branches:
Dungeon (1/1)

Altars:
Dithmenos
Elyvilon
Kikubaaqudgha
Okawaru
Ru
Sif Muna
Trog
Uskayaw
Vehumet
Wu Jian
Yredelemnul
Zin
The Shining One
Beogh

Shops:
D [


Innate Abilities, Weirdness & Mutations

You are very small and have problems with some larger weapons.
You are too small for most types of armour.
You have supernaturally acute eyesight. (SInv)
You are a herbivore.
You cover ground extremely quickly.
You need consume almost no food.


Message History

You now have 23/25 mp.
Aim: an orc warrior, wielding a long sword and wearing a plate armour (chance to defeat MR: 60%)
The orc warrior looks drowsy...
You now have 21/25 mp.
The helpless orc warrior fails to defend itself.
You skewer the orc warrior like a kebab!!!!
You kill the orc warrior!
Sif Muna accepts your kill.
You now have 1230 gold pieces (gained 740).
You now have 1234 gold pieces (gained 4).
You now have 1245 gold pieces (gained 11).
You now have 2445 gold pieces (gained 1200).
You now have 3895 gold pieces (gained 1450).
You now have 3904 gold pieces (gained 9).
You now have 4954 gold pieces (gained 1050).
You now have 4974 gold pieces (gained 20).
Things that are here:
a long sword; a plate armour; an orc corpse
There is an entrance to Xaichucw's Armour Shop here.
u - a +2 buckler of protection;
v - a +0 cloak Thank you for shopping at Xaichucw's Armour Shop!
Wear which item (? for menu, Esc to quit)
You start putting on your armour.
You continue putting on your +0 cloak. x4
You finish putting on your +0 cloak.
MP restored: 25 Wear which item (? for menu, Esc to quit)
You start putting on your armour.
You continue putting on your +2 buckler of protection. x4
You finish putting on your +2 buckler of protection.
You feel protected.
There is an entrance to Xaichucw's Armour Shop here.
You open the door. 2 deep elf knights and 3 deep elf magi come into view.
There is an open door to the Elven Halls here.
The deep elf mage shouts! x2; The deep elf knight shouts!
The deep elf mage shouts!
There is an open door to the Elven Halls here.
A deep elf knight opens the door.
Aim: a deep elf knight, wielding a scimitar (chance to defeat MR: 14%)
The deep elf knight looks drowsy...
You now have 23/25 mp.
The helpless deep elf knight fails to defend itself.
You perforate the deep elf knight like a sieve!!!!
You kill the deep elf knight!
Sif Muna accepts your kill.
Your Shields skill gained 4 levels and is now at level 4!
The deep elf mage casts a spell.
The deep elf mage conjures a globe of magical energy!
A battlesphere comes into view.
The deep elf mage misses you.
You see here a scimitar.
Aim: a deep elf mage, wielding a rapier and wearing a ring mail (chance to defeat MR: 43%)
The deep elf mage looks drowsy...
The deep elf knight mumbles some strange words.
The deep elf knight seems to speed up.
You now have 21/25 mp.
The helpless deep elf mage fails to defend itself.
You skewer the deep elf mage like a kebab!!!!
You kill the deep elf mage!
Sif Muna accepts your kill.
Your Shields skill increases to level 5!
You have reached level 10!
You feel clever.
The battlesphere dissipates.
The deep elf knight points at you and mumbles some strange words.
The stone arrow misses you.
Health restored: 55 The deep elf knight hits you with a long sword!
You take 13 damage, and have 42/55 hp.
MASSIVE DAMAGE!!
Aim: a deep elf knight, wielding a long sword (fast, chance to defeat MR: 14%)
The deep elf knight resists with almost no effort.
The deep elf knight barely misses you.
You now have 20/26 mp.
Aim: a deep elf knight, wielding a long sword (fast, chance to defeat MR: 14%)
The deep elf knight resists with almost no effort.
The deep elf knight hits you with a long sword!
You take 10 damage, and have 33/55 hp.
You now have 18/26 mp.
Aim: a deep elf knight, wielding a long sword (fast, chance to defeat MR: 14%)
Okay, then.
Aim: a deep elf knight, wielding a long sword (fast, chance to defeat MR: 24%)
Okay, then.
Unknown command.
Aim: a deep elf knight, wielding a long sword (fast, chance to defeat MR: 34%)
The long sword dances into the air!
The deep elf knight hits you! You block the deep elf knight's attack.
You take 13 damage, and have 20/55 hp.
MASSIVE DAMAGE!!
You now have 15/26 mp.
You don't know that spell.
Unknown command.
Aim: a deep elf knight (fast, chance to defeat MR: 24%)
The deep elf knight resists with almost no effort.
The deep elf knight gestures at you while chanting.
You block the stone arrow.
The deep elf mage gestures wildly while chanting.
The deep elf mage blinks!
The deep elf knight gestures at you while chanting.
The orb of energy hits you!
You die...

▓▓▓▓▓▓ ▓▓▓▓ #####..#.#
#..#######
_#__#....####..'.#...#
)#._#.....)...##@#...##≈
##'##.........##.#...≈≈≈
....#........∩##e#...##≈
....#.###.##.#.#e§(.e#
###'#..#.#####.#######
#.))#'##########
#...#..§≈§'.#
#...#)#§§§#.#
#..)))#§§§#


You could see a deep elf knight, 2 deep elf magi and a friendly long sword.

Vanquished Creatures
  Snorg (D)
  A deep elf knight (D)
  An orc knight (D)
  2 deep elf magi (D)
  A shadow (D)
  6 orc warriors (D)
  A necrophage (D)
  A water elemental (D)
  A jelly (D)
  An orc priest (D)
  A wizard (D)
  Jessica (D)
  A necromancer (D)
  3 humans (D)
  A kobold demonologist (D)
  An ooze (D)
  A phantom (D)
  10 orcs (D)
  2 rats (D)
37 creatures vanquished.

Vanquished Creatures (others)
  2 draconian scorchers (D)
  A yaktaur (D)
  6 hellions (D)
  A plant (D)
10 creatures vanquished.

Grand Total: 47 creatures vanquished

Notes
Turn   | Place    | Note
-------+----------+-------------------------------------------
     0 | D        | esc the Spriggan Enchanter began the quest for the Orb.
     0 | D        | Reached XP level 1. HP: 9/9 MP: 5/5
    12 | D        | Reached skill level 5 in Stealth
    12 | D        | Reached skill level 3 in Spellcasting
    12 | D        | Reached skill level 4 in Hexes
    35 | D        | Noticed Jessica
    40 | D        | Killed Jessica
    40 | D        | Reached skill level 1 in Fighting
    40 | D        | Reached skill level 2 in Short Blades
    40 | D        | Reached skill level 4 in Dodging
    40 | D        | Reached skill level 6 in Stealth
    40 | D        | Reached skill level 4 in Spellcasting
    40 | D        | Reached XP level 2. HP: 14/14 MP: 6/8
    40 | D        | Reached XP level 3. HP: 18/18 MP: 6/9
   110 | D        | Learned a level 3 spell: Confuse
   113 | D        | Learned a level 2 spell: Ensorcelled Hibernation
   117 | D        | Learned a level 3 spell: Tukima's Dance
   160 | D        | Killed a hellion
   160 | D        | Killed a hellion
   161 | D        | Killed a hellion
   161 | D        | Killed a hellion
   187 | D        | Killed a hellion
   201 | D        | Killed a white draconian scorcher
   210 | D        | Killed a hellion
   263 | D        | Killed a yaktaur
   284 | D        | Killed a white draconian scorcher
   323 | D        | Reached skill level 3 in Short Blades
   520 | D        | Reached skill level 5 in Dodging
   520 | D        | Reached skill level 5 in Hexes
   604 | D        | Noticed a water elemental
   611 | D        | Killed a water elemental
   611 | D        | Reached skill level 2 in Fighting
   611 | D        | Reached skill level 4 in Short Blades
   611 | D        | Reached skill level 6 in Dodging
   611 | D        | Reached skill level 7 in Stealth
   611 | D        | Reached skill level 5 in Spellcasting
   611 | D        | Reached XP level 4. HP: 23/23 MP: 12/12
   648 | D        | Found a glowing silver altar of Zin.
   649 | D        | Found a glowing golden altar of the Shining One.
   649 | D        | Found a white marble altar of Elyvilon.
   649 | D        | Noticed a deep elf mage
   651 | D        | Killed a deep elf mage
   651 | D        | Reached skill level 4 in Fighting
   651 | D        | Reached skill level 6 in Short Blades
   651 | D        | Reached skill level 9 in Dodging
   651 | D        | Reached skill level 10 in Stealth
   651 | D        | Reached skill level 7 in Spellcasting
   651 | D        | Reached skill level 8 in Hexes
   651 | D        | Reached XP level 5. HP: 30/30 MP: 13/16
   651 | D        | Reached XP level 6. HP: 35/35 MP: 13/17
   682 | D        | Found a hide-covered altar of Uskayaw.
   682 | D        | Found a roughly hewn altar of Beogh.
   682 | D        | Found an iron altar of Okawaru.
   682 | D        | Found a bloodstained altar of Trog.
   682 | D        | Found an ornate altar of the Wu Jian Council.
   682 | D        | Noticed a human
   682 | D        | Noticed a human
   685 | D        | Killed a human
   685 | D        | Reached skill level 5 in Fighting
   685 | D        | Reached skill level 7 in Short Blades
   685 | D        | Reached skill level 11 in Stealth
   685 | D        | Reached skill level 8 in Spellcasting
   685 | D        | Reached XP level 7. HP: 39/39 MP: 17/19
   686 | D        | Killed a human
   686 | D        | Reached skill level 10 in Dodging
   686 | D        | Reached skill level 9 in Hexes
   709 | D        | Found a basalt altar of Yredelemnul.
   709 | D        | Found a shadowy altar of Dithmenos.
   709 | D        | Found a sacrificial altar of Ru.
   726 | D        | Found a radiant altar of Vehumet.
   726 | D        | Found a deep blue altar of Sif Muna.
   726 | D        | Found an ancient bone altar of Kikubaaqudgha.
   732 | D        | Became a worshipper of Sif Muna the Loreminder
   759 | D        | Noticed a shadow
   761 | D        | Killed a shadow
   761 | D        | Reached skill level 8 in Short Blades
   761 | D        | Reached skill level 9 in Spellcasting
   761 | D        | Reached XP level 8. HP: 44/44 MP: 22/22
   767 | D        | Reached skill level 12 in Stealth
   807 | D        | Noticed Snorg
   872 | D        | Killed Snorg
   872 | D        | Reached * piety under Sif Muna
   872 | D        | Reached skill level 6 in Fighting
   872 | D        | Reached skill level 9 in Short Blades
   872 | D        | Reached skill level 11 in Dodging
   872 | D        | Reached skill level 13 in Stealth
   872 | D        | Reached skill level 10 in Spellcasting
   872 | D        | Reached skill level 10 in Hexes
  1086 | D        | Noticed an orc knight
  1105 | D        | Killed an orc knight
  1105 | D        | Reached skill level 7 in Fighting
  1105 | D        | Reached skill level 12 in Dodging
  1105 | D        | Reached XP level 9. HP: 50/50 MP: 21/24
  1112 | D        | Reached ** piety under Sif Muna
  1112 | D        | Reached skill level 11 in Hexes
  1115 | D        | Reached skill level 14 in Stealth
  1137 | D        | Reached skill level 10 in Short Blades
  1137 | D        | Reached skill level 11 in Spellcasting
  1221 | D        | Reached *** piety under Sif Muna
  1398 | D        | Found Xaichucw's Armour Shop.
  1430 | D        | Bought a +2 buckler of protection for 279 gold pieces
  1430 | D        | Bought a +0 cloak for 58 gold pieces
  1445 | D        | Noticed a deep elf mage
  1445 | D        | Noticed a deep elf mage
  1445 | D        | Noticed a deep elf knight
  1445 | D        | Noticed a deep elf knight
  1445 | D        | Noticed a deep elf mage
  1453 | D        | Killed a deep elf knight
  1453 | D        | Reached skill level 4 in Shields
  1457 | D        | Killed a deep elf mage
  1457 | D        | Reached skill level 5 in Shields
  1457 | D        | Reached XP level 10. HP: 55/55 MP: 21/26
  1464 | D        | Killed from afar by a deep elf knight

Vault maps used:
D:        dungeon_sprint_mu

Skill      XL: |  1  2  3  4  5  6  7  8  9 |
---------------+----------------------------+-----
Stealth        | 6 7 10 11 13 14 | 14.2
Spellcasting   | 4 5 7 8 9 10 11 | 11.1
Hexes          | 4 5 8 9 10 11 | 11.2
Fighting       | 1 2 4 5 7 |  7.6
Short Blades   | 2 4 6 7 8 9 10 | 10.1
Dodging        | 4 6 9 10 12 | 12.8
Shields        | 5 |  5.9

Action                   |  1- 3 |  4- 6 |  7- 9 | 10-12 || total
-------------------------+-------+-------+-------+-------++-------
Melee: Dagger            |    17 |     2 |    51 |       ||    70
 Cast: Confuse           |     6 |       |     5 |     1 ||    12
       Ensorcelled Hiber |     2 |       |    35 |     2 ||    39
       Tukima's Dance    |       |       |       |     1 ||     1
  Use: Potion            |     1 |       |       |       ||     1
       Scroll            |       |       |     2 |       ||     2
 Stab: Sleeping          |     5 |     2 |    27 |       ||    34
       Confused          |     1 |       |     1 |       ||     2
Armor: Robe              |       |       |     1 |       ||     1
Dodge: Dodged            |     8 |       |    36 |     2 ||    46
Block: Buckler           |       |       |       |     2 ||     2

Vault maps used:
D:        dungeon_sprint_mu

Table legend:
 A = Turns spent in this place as a percentage of turns spent in the entire game.
 B = Non-inter-level travel turns spent in this place as a percentage of non-inter-level travel turns spent in the entire game.
 C = Inter-level travel turns spent in this place as a percentage of turns spent in this place.
 D = Turns resting spent in this place as a percentage of non-inter-level travel turns spent in this place.
 E = Turns spent auto-exploring this place as a percentage of non-inter-level travel turns spent in this place.
 F = Non-inter-level travel turns spent in this place divided by the number of levels of this place that you've seen.
                   A       B       C       D       E      F
               +-------+-------+-------+-------+-------+----------------------
         Total | 100.0 | 100.0 |   0.2 |   7.2 |   0.0 | 567.0
       Dungeon | 100.0 | 100.0 |   0.2 |   7.2 |   0.0 | 567.0
               +-------+-------+-------+-------+-------+----------------------

Table legend:
 A = Kills in this place as a percentage of kills in entire the game.
 B = Kills by you in this place as a percentage of kills by you in the entire game.
 C = Kills by friends in this place as a percentage of kills by friends in the entire game.
 D = Other kills in this place as a percentage of other kills in the entire game.
 E = Experience gained in this place as a percentage of experience gained in the entire game.
 F = Experience gained in this place divided by the number of levels of this place that you have seen.
                   A       B       C       D       E      F
               +-------+-------+-------+-------+-------+----------------------
         Total | 100.0 | 100.0 |  -nan |  -nan | 100.0 | 5612.0
       Dungeon | 100.0 | 100.0 |  -nan |  -nan | 100.0 | 5612.0
               +-------+-------+-------+-------+-------+----------------------
